Map: Ley Lines

Players

Elemtro - Winner!

  • Race: Zerg Zerg
  • League: Platinum
  • Spawn Location: 7:00

toneside

  • Race: Terran Terran
  • League: Diamond
  • Spawn Location: 1:00

VOD

Have the link to the VOD?

Description

Time

  • Played on: Jan. 10, 2025, 8:53 a.m.
  • Length: 14:22
Show
View Real Time Build Order
Export as new Build Order

Elemtro Zerg - Winner!

Build Orders: Hatch First 

Get SALT Encoding   

  12  0:01  Drone  
  13  0:07  Drone  
  14  0:15  Extractor, Drone  
  14  0:21  Overlord  
  15  0:45  Hatchery  
  15  0:47  Drone  
  15  0:59  Drone  
  16  1:05  Spawning Pool  
  16  1:09  Drone  
  16  1:19  Drone  
  16  1:22  Drone x2  
  19  1:33  Extractor, Drone  
  19  1:42  Drone  
  20  1:51  Queen  
  20  1:53  Overlord  
  22  1:59  Queen  
  24  2:02  Drone  
  24  2:07  Drone  
  26  2:10  Drone  
  26  2:34  Spine Crawler  
  26  2:35  Zergling x2  
  26  2:36  Zergling x2  
  27  2:42  Zergling x6  
  27  2:44  Metabolic Boost  
  31  2:53  Zergling x4  
  31  2:54  Zergling x2  
  34  3:00  Drone  
  35  3:06  Hatchery  
  35  3:11  Queen  
  36  3:23  Overlord  
  36  3:37  Overlord  
  36  3:39  Lair  
  36  3:41  Drone x4  
  37  3:43  Drone  
  37  3:45  Drone  
  42  4:05  Drone  
  42  4:06  Drone x5  
  48  4:11  Overlord  
  40  4:34  Zergling x18  
  49  4:44  Drone  
  49  4:45  Drone x2  
  52  4:46  Zergling x6  
  43  5:18  Drone  
  43  5:19  Drone x12  
  56  5:27  Queen  
  56  5:28  Queen x2  
  60  5:29  Drone  
  60  5:30  Drone  
  60  5:34  Extractor  
  63  5:40  Baneling Nest  
  63  5:41  Evolution Chamber  
  63  5:42  Evolution Chamber  
  60  5:49  Hatchery  
  46  6:19  Spore Crawler  
  46  6:21  Spore Crawler  
  46  6:22  Spore Crawler  
  43  6:28  Zerg Melee Weapons Level 1  
  43  6:29  Zerg Ground Armor Level 1, Zergling x2  
  43  6:30  Zergling x16  
  50  6:44  Queen  
  51  6:57  Zergling x2  
  51  6:58  Zergling x10  
  57  7:11  Zergling x8  
  57  7:12  Zergling x16  
  57  7:15  Centrifugal Hooks  
  69  7:16  Drone  
  69  7:17  Drone  
  69  7:20  Drone  
  69  7:21  Overlord  
  72  7:29  Baneling x2  
  72  7:30  Baneling x7  
  72  7:31  Baneling x2  
  72  7:36  Baneling  
  72  7:49  Overlord  
  72  8:04  Overlord x2  
  72  8:07  Overlord, Queen  
  72  8:09  Drone x5  
  72  8:10  Drone  
  80  8:17  Infestation Pit  
  76  8:32  Baneling x6  
  76  8:37  Extractor, Drone x3  
  76  8:38  Drone x3  
  76  8:39  Drone  
  76  8:41  Extractor  
  81  8:44  Drone x4  
  81  8:45  Extractor, Drone x5  
  81  8:46  Drone  
  90  8:51  Drone x2  
  90  8:52  Drone  
  93  9:04  Zerg Melee Weapons Level 2  
  93  9:09  Drone x3  
  96  9:10  Drone  
  96  9:12  Drone x3  
  96  9:15  Extractor, Drone x4  
  96  9:17  Overlord  
  103  9:29  Overlord x4  
  103  9:30  Zerg Ground Armor Level 2  
  103  9:33  Hive  
  103  9:43  Spore Crawler  
  87  9:55  Zergling x2  
  87  9:56  Zergling x40  
  99  10:07  Zergling x10  
  98  10:28  Spire  
  97  10:29  Drone x3  
  100  10:39  Hatchery  
  89  10:44  Zergling x10  
  89  10:45  Zergling x16  
  89  10:46  Baneling  
  89  10:47  Baneling x9  
  99  10:59  Queen x2  
  99  11:02  Queen  
  99  11:04  Queen  
  105  11:05  Overlord x2  
  107  11:11  Drone x2  
  107  11:12  Drone x4  
  107  11:13  Overlord  
  107  11:15  Zergling x10  
  107  11:16  Baneling  
  107  11:17  Baneling x5  
  118  11:22  Drone x3  
  121  11:28  Overlord x2  
  121  11:29  Zergling x2  
  122  11:45  Zerg Flyer Weapons Level 1  
  122  11:46  Corruptor x5  
  132  12:00  Drone x3  
  132  12:01  Drone x2  
  137  12:02  Overlord x2, Ultralisk Cavern  
  137  12:03  Zergling x2  
  137  12:04  Zergling x12  
  143  12:17  Mutalisk  
  143  12:18  Mutalisk x3  
  143  12:19  Zergling x4  
  143  12:20  Zergling x8  
  157  12:23  Adrenal Glands  
  157  12:26  Baneling  
  157  12:28  Zergling x2  
  157  12:29  Zergling x12  
  164  12:30  Zergling x4  
  120  12:59  Zergling x2  
  120  13:00  Zergling x34  
  120  13:03  Zergling x4  
  139  13:11  Mutalisk  
  138  13:13  Ultralisk x3  
  150  13:31  Zergling x2  
  150  13:32  Zergling x12  
  157  13:34  Anabolic Synthesis  
  157  13:41  Extractor  
  157  13:42  Extractor, Drone x3  
  157  13:43  Drone x3  
  157  13:45  Overlord  
  157  13:46  Zergling x2  
  157  13:47  Zergling x8  
  166  13:49  Baneling  
  166  13:50  Baneling x14  
  166  13:52  Zergling x2  
  166  13:54  Zergling x2  
  166  13:55  Zergling x4  
Show
View Real Time Build Order
Export as new Build Order

toneside Terran 

Build Orders:  

Get SALT Encoding   

  12  0:00  SCV  
  13  0:12  SCV  
  14  0:17  Supply Depot  
  14  0:24  SCV  
  15  0:38  SCV  
  15  0:40  Barracks  
  16  0:45  Refinery  
  16  0:50  SCV  
  16  0:53  Refinery  
  17  1:03  SCV  
  18  1:15  SCV  
  19  1:27  Reaper  
  19  1:28  Orbital Command  
  20  1:40  Supply Depot  
  20  1:44  Factory  
  20  2:00  Barracks Reactor  
  20  2:08  SCV  
  21  2:20  SCV  
  21  2:22  Command Center  
  22  2:32  SCV  
  23  2:40  Hellion  
  23  2:41  Reaper  
  26  2:45  SCV  
  27  2:54  Supply Depot  
  27  2:55  Reaper  
  28  3:00  SCV  
  29  3:08  Hellion  
  32  3:31  Starport  
  32  3:39  Orbital Command  
  31  3:42  Barracks Tech Lab, Hellion, Command Center  
  31  3:44  Hellion  
  35  3:50  SCV  
  36  4:01  Stimpack  
  36  4:07  Hellion  
  36  4:09  Supply Depot, Orbital Command  
  38  4:14  Hellion  
  40  4:17  SCV  
  38  4:37  Liberator  
  41  4:39  Hellion x2  
  45  4:45  Supply Depot  
  45  4:53  Barracks  
  39  5:19  Marine  
  40  5:22  Hellion x2  
  40  5:27  Starport Reactor  
  44  5:34  Supply Depot  
  44  5:35  SCV x2  
  44  6:08  Orbital Command  
  44  6:11  SCV x2, Supply Depot  
  44  6:16  Combat Shield  
  44  6:17  Marine  
  45  6:21  Barracks  
  45  6:22  Barracks  
  45  6:28  SCV x2  
  45  6:32  Refinery  
  47  6:33  Refinery  
  47  6:40  SCV  
  47  6:44  Marine  
  47  6:45  Marine x2  
  47  6:46  Factory Tech Lab  
  51  6:47  Medivac x2  
  51  6:48  SCV x2  
  51  6:53  SCV  
  58  7:00  SCV  
  57  7:09  Marine x2  
  57  7:10  Marine  
  57  7:12  Barracks Tech Lab  
  57  7:13  SCV x3  
  57  7:15  Engineering Bay x2  
  60  7:17  Medivac x2  
  60  7:19  Siege Tank  
  60  7:20  Barracks Tech Lab  
  67  7:25  SCV  
  67  7:26  SCV x2  
  67  7:27  Marine x3  
  73  7:33  Supply Depot  
  73  7:34  Supply Depot  
  73  7:38  SCV x2  
  73  7:43  Armory  
  75  7:44  Marine x2  
  75  7:45  Marine x3  
  75  7:50  SCV x2  
  83  7:53  Medivac x2  
  83  7:55  Orbital Command  
  86  8:02  SCV x2, Marine  
  86  8:04  Siege Tank  
  86  8:05  Marine x2  
  95  8:06  Marauder x2  
  96  8:20  Marine  
  93  8:27  Marauder  
  93  8:32  Supply Depot  
  92  8:35  SCV x2  
  92  8:36  SCV  
  92  8:37  Medivac x2, Siege Tank  
  102  8:46  Supply Depot, Terran Infantry Weapons Level 1  
  102  8:47  SCV, Terran Infantry Armor Level 1  
  102  8:48  SCV x2, Supply Depot  
  105  8:50  Terran Vehicle Weapons Level 1, Ghost Academy  
  105  8:56  Marine x3  
  105  8:57  Marauder x2  
  105  8:59  SCV  
  105  9:00  SCV x2  
  115  9:08  Supply Depot  
  115  9:09  Supply Depot, Bunker  
  115  9:12  SCV, Supply Depot  
  116  9:20  Barracks  
  116  9:21  Barracks  
  116  9:23  Barracks, Marine x2  
  116  9:24  Marauder  
  120  9:34  Marine x2  
  122  9:41  Marine  
  122  9:44  Marine x2  
  125  9:52  Marine x2  
  100  9:59  Marine  
  101  10:02  Marine x2  
  103  10:10  Marine x2  
  104  10:16  Barracks Reactor x3, Marine  
  104  10:17  SCV x3  
  104  10:19  Marine  
  104  10:20  Marine  
  108  10:27  Marine  
  108  10:28  Marine  
  108  10:29  SCV  
  108  10:32  Siege Tank  
  108  10:34  Marine  
  113  10:37  Marine  
  113  10:38  Marauder  
  106  10:45  Marine  
  106  10:46  Marauder  
  109  10:52  Marine  
  109  10:55  Marine  
  104  11:00  Marine x3, Marauder  
  104  11:01  SCV x3  
  104  11:04  Marauder, Siege Tank  
  117  11:07  Marauder  
  117  11:09  Marine x3  
  117  11:10  Marine  
  123  11:13  SCV x3  
  123  11:18  Supply Depot  
  126  11:19  Command Center  
  126  11:21  Marauder  
  126  11:25  SCV x2, Marauder  
  130  11:26  SCV, Marine  
  130  11:27  Marine x6  
  130  11:28  Marine  
  130  11:29  Marauder  
  143  11:36  Widow Mine  
  143  11:37  SCV  
  143  11:38  SCV x2  
  147  11:43  Marauder  
  147  11:44  Marine x3  
  147  11:46  Marauder  
  154  11:48  Supply Depot  
  154  11:50  SCV x3, Marine x4, Marauder  
  163  11:58  Widow Mine  
  163  11:59  Terran Infantry Weapons Level 2  
  165  12:01  Terran Infantry Armor Level 2  
  165  12:02  SCV  
  165  12:04  Marauder  
  165  12:06  Marine  
  165  12:08  Marauder  
  171  12:10  Refinery  
  171  12:12  Refinery, Marauder  
  171  12:13  Supply Depot  
  171  12:14  SCV x2  
  171  12:15  SCV  
  176  12:19  Siege Tank  
  179  12:23  Marine x2  
  181  12:31  Marine x6, Marauder x2  
  181  12:32  Marine  
  192  12:41  Marine  
  192  12:42  Marine  
  157  12:48  Marine x6  
  157  12:50  Marine  
  146  12:52  Marine x2  
  146  12:56  Siege Tank  
  132  12:58  Marine  
  132  12:59  Medivac x2  
  132  13:00  Marine  
  136  13:06  Marine  
  136  13:09  Marauder  
  136  13:11  Marauder x2  
  135  13:13  Marine x5  
  135  13:16  Marine  
  135  13:18  Marine  
  142  13:21  Planetary Fortress  
  142  13:24  Marine  
  143  13:28  Thor  
  143  13:29  Marine, Medivac, Factory  
  143  13:30  Marine  
  143  13:31  Marine x2  
  143  13:32  Marine x2, Marauder x2  
  159  13:34  Marine  
  159  13:36  Marine  
  161  13:42  Marine  
  161  13:43  Medivac  
  161  13:44  Starport  
  161  13:48  Marauder  
  166  13:54  Marauder x2  
Tags
 
Matchup
TvZ
Spawn Locations
Cross Positions
Add a new tag
Caveats
  • Supply blocks, unpowered buildings, or Contaminate may cause inaccurate times.
  • Supply counts are checked every 10 seconds.